 Dungeon Crawl Stone Soup version 0.30-a0-777-ga9a30cbeda (webtiles) character file.

Game seed: 15091612072225885110

11 Firecrotchwizard the Chopper (level 2, -5/27 HPs)
             Began as a Hill Orc Monk on Feb 13, 2023.
             Succumbed to an orc's poison
             ... on level 3 of the Dungeon.
             The game lasted 00:00:45 (319 turns).

Firecrotchwizard the Chopper (Hill Orc Monk)         Turns: 319, Time: 00:00:46

Health: -5/27      AC:  5    Str: 13    XL:     2   Next: 25%
Magic:  2/2        EV: 11    Int: 10    God:
Gold:   0          SH:  0    Dex: 13    Spells: 1/1 levels left

rFire   . . .      SeeInvis .    a - +0 hand axe
rCold   . . .      Faith    .    (no shield)
rNeg    . . .      Spirit   .    f - +0 ring mail
rPois   .          Reflect  .    (no helmet)
rElec   .          Harm     .    (no cloak)
rCorr   .          Rampage  .    (no gloves)
Will    .....                    (no boots)
Stlth   +                        (no amulet)
HPRegen 0.24/turn                (no ring)
MPRegen 0.08/turn                (no ring)

@: lethally poisoned (-5 -> -32)
A: no striking features
a: no special abilities


You were on level 3 of the Dungeon.
You visited 1 branch of the dungeon, and saw 3 of its levels.

Inventory:

Hand Weapons
 a - a +0 hand axe (weapon)
Armour
 b - a +0 robe
 f - a +0 ring mail (worn)
   (You found it on level 3 of the Dungeon)
Scrolls
 c - a scroll of amnesia {unknown}
 e - a scroll of enchant weapon {unknown}
Potions
 d - a potion of brilliance {unknown}
 G - a potion of ambrosia {!q}


   Skills:
 + Level 3.9 Fighting
 * Level 4.6 Axes
 - Level 2.4 Dodging
 - Level 1.5 Stealth


You had one spell level left.
You didn't know any spells.
Your spell library was empty.

Dungeon Overview and Level Annotations

Branches:
Dungeon (3/15)

Altars:

Shops:
D:3 [


Message History

You hit the endoplasm.
You kill the endoplasm!
There is a stone staircase leading down here.
You start resting.
Health restored: 20 You climb downwards.
There is a stone staircase leading up here.
e - a scroll labelled AGU UCZUIT
Found a stone staircase leading down.
(D) Dungeon
Where to? (? - help)
There is a stone staircase leading down here.
You climb downwards.
Found a mace, 2 large rocks and a ring mail.
Found Gossyv's Antique Armour Emporium.
There is a stone staircase leading up here.
Found a stone staircase leading up.
You see here a +0 ring mail.
f - a +0 ring mail You start removing your armour.
You continue taking off your +0 robe. x4
You finish taking off your +0 robe.
You start putting on your armour.
You continue putting on your +0 ring mail. x5
You finish putting on your +0 ring mail.
There is an entrance to Gossyv's Antique Armour Emporium here.
s - 3 stones (quivered)
A giant cockroach comes into view.
You throw a stone. The stone hits the giant cockroach.
You throw a stone.
The stone hits the giant cockroach but does no damage.
You hit the giant cockroach but do no damage.
The giant cockroach closely misses you.
You hit the giant cockroach.
You kill the giant cockroach!
No target in view!
No target in view!
You see here a giant cockroach corpse.
You see here a +0 dagger.
You see here a +0 dagger.
An orc comes into view. It is wielding a +0 mace.
You throw a stone. The stone closely misses the orc.
The orc shouts!
No target in view!
The orc closely misses you.
You hit the orc. The orc closely misses you.
An orc comes into view. It is wielding a +0 dagger.
You slash the orc!
You kill the orc!
You have reached level 2!
Health restored: 27; MP restored: 2 You see here a +0 mace.
The orc closely misses you.
You hit the orc. The orc closely misses you.
You hit the orc but do no damage. The orc misses you.
You hit the orc.
You kill the orc!
No target in view!
A kobold comes into view. It is wielding a +0 whip.
The kobold shouts!
You closely miss the kobold.
A rat comes into view.
An orc comes into view. It is wielding a +1 trident of venom.
The kobold closely misses you.
The orc shouts!
You hit the kobold.
You kill the kobold!
The rat closely misses you. The orc barely misses you.
Things that are here:
a +0 whip; a kobold corpse You hit the rat.
You kill the rat!
The orc barely misses you.
The orc hits you with a +1 trident of venom.
You are poisoned.
You take 3 damage, and have 24/27 hp.
You barely miss the orc.
You feel very sick.
The orc hits you with a +1 trident of venom.
You are more poisoned.
You take 4 damage, and have 20/27 hp.
You hit the orc.
You feel very sick. The orc closely misses you.
You take 3 damage, and have 17/27 hp.
You hit the orc.
You feel very sick.
The orc hits you with a +1 trident of venom.
You are lethally poisoned!
You take 6 damage, and have 11/27 hp.
MASSIVE DAMAGE!!
You closely miss the orc.
* * * LOW HITPOINT WARNING * * *
You feel very sick.
The orc hits you with a +1 trident of venom.
* * * LOW HITPOINT WARNING * * *
You are more poisoned.
You take 9 damage, and have 2/27 hp.
MASSIVE DAMAGE!!
You barely miss the orc.
You die...

..... . ## ..... .. .###
...... ... ... ......
.#.. ..##.......#
.?)..#.......(..#
......o........#
#@###...## #)##.....# .#
#.##.....# .####
#.##.....####..... .#
#................# ....
###..............#
.(#.####..............#
#..........)..........#
##.......<.............#


You could see an orc.

Vanquished Creatures
  2 orcs (D:3)
  2 endoplasms (D:1)
  A giant cockroach (D:3)
  A quokka (D:1)
  A kobold (D:3)
  A rat (D:3)
8 creatures vanquished.

Notes
Turn   | Place    | Note
-------+----------+-------------------------------------------
     0 | D:1      | Firecrotchwizard the Hill Orc Monk began the quest for the
                  | Orb.
     0 | D:1      | Reached XP level 1. HP: 19/19 MP: 1/1
   224 | D:3      | Found Gossyv's Antique Armour Emporium.
   297 | D:3      | Reached XP level 2. HP: 27/27 MP: 2/2
   318 | D:3      | HP: 2/27 [orc/+1 trident of venom (5)]
   319 | D:3      | Succumbed to an orc's poison

Illustrated notes

Levels and vault maps discovered:
D:1:      dpeg_arrival_circle_labyrinth_c, layout_basic, basic_ecumenical_altar,
          grunt_decor_mini_mirrors, minmay_unequal
D:2:      layout_basic
D:3:      layout_rooms, serial_shops, shop, chequers_serial_rivers_micro_c,
          minmay_misc_feat_five

Action                     || total
---------------------------++-------
  Melee: Hand axe          ||    23
         Punch             ||     1
  Throw: Stone             ||     3
   Stab: Sleeping          ||     1
  Dodge: Dodged            ||    13

Table legend: (Time is in decaauts)
 A = Elapsed time spent in this place.
 B = Non-inter-level travel time spent in this place.
 C = Inter-level travel time spent in this place.
 D = Time resting spent in this place.
 E = Time spent auto-exploring this place.
 F = Levels seen in this place.
 G = Mean time per level.
                   A        B        C        D        E       F      G
               +--------+--------+--------+--------+--------+-----+--------+
         Total |    320 |    315 |      5 |     33 |    206 |   3 |  106.7 |
       Dungeon |    320 |    315 |      5 |     33 |    206 |   3 |  106.7 |
               +--------+--------+--------+--------+--------+-----+--------+

Top non-repeatable levels by time:
     D:1: 183 daAuts
     D:3: 96 daAuts
     D:2: 40 daAuts

Table legend:
 A = Kills in this place as a percentage of kills in entire the game.
 B = Kills by you in this place as a percentage of kills by you in the entire game.
 C = Kills by friends in this place as a percentage of kills by friends in the entire game.
 D = Other kills in this place as a percentage of other kills in the entire game.
 E = Experience gained in this place as a percentage of experience gained in the entire game.
 F = Experience gained in this place divided by the number of levels of this place that you have seen.
                   A       B       C       D       E      F
               +-------+-------+-------+-------+-------+----------------------
         Total | 100.0 | 100.0 |   N/A |   N/A | 100.0 |   5.3
       Dungeon | 100.0 | 100.0 |   N/A |   N/A | 100.0 |   5.3
               +-------+-------+-------+-------+-------+----------------------
